 Dungeon Crawl Stone Soup version 0.31-a0-182-gc5ef74bbde (webtiles) character file.

Game seed: 7631600826287187125

63035 qw the Severer (level 15, -3/76 HPs)
             Began as a Gargoyle Fighter on June 20, 2023.
             Was a High Priest of Okawaru.
             Killed from afar by a red draconian scorcher (34 damage)
             ... with a searing blast
             ... on level 2 of the Abyss.
             The game lasted 00:10:31 (16467 turns).

qw the Severer (Gargoyle Fighter)                  Turns: 16467, Time: 00:10:32

Health: -3/76      AC: 51    Str: 27    XL:     15   Next: 8%
Magic:  20/22      EV: 14    Int: 15    God:    Okawaru [*****.]
Gold:   1228       SH:  7    Dex: 12    Spells: 14/14 levels left

rFire   . . .        Y - +3 war axe (elec)
rCold   . . .        c - +0 buckler
rNeg    + . .        q - +8 orange crystal plate armour {Archmagi, Int+3 Clar}
rPois   inf          B - +1 helmet {Int+3}
rElec   +            (no cloak)
rCorr   .            t - +2 pair of gloves
SInv    +            (no boots)
Will    +....        x - amulet "Deghe" {Regen+ Dex+3} Stlth
                     j - ring of see invisible
HPRegen 1.12/turn    b - +5 ring of evasion
MPRegen 0.18/turn

%: clarity, archmagi
@: heroic, flying
A: sickness immunity, AC +11, big wings, negative energy resistance 1,
electricity resistance, torment resistance 1, petrification resistance, robust
1, [frail 3]
a: Renounce Religion, Heroism, Finesse, Duel


You were on level 2 of the Abyss.
You worshipped Okawaru.
Okawaru was extremely pleased with you.
You visited 3 branches of the dungeon, and saw 19 of its levels.
You visited the Abyss 1 time.

You collected 1267 gold pieces.
You spent 39 gold pieces at shops.


Innate Abilities, Weirdness & Mutations

You are immune to sickness and miasma.
Your stone body is resilient. (AC +11)
You are immune to poison.
Your large and strong wings let you fly.
You resist negative energy. (rN+)
You are resistant to electric shocks. (rElec)
You are resistant to unholy torment.
You are immune to petrification.
You are robust. (+10% HP)
[You are extremely frail. (-30% HP)]


   Skills:
 - Level 12.0(17.0) Fighting
 + Level 15.2(20.2) Axes
 - Level 6.0(11.0) Throwing
 - Level 13.3(18.3) Armour
 - Level 3.2(8.2) Dodging
 - Level 7.3(12.3) Shields
 - Level 10.0 Invocations


You had 14 spell levels left.
You didn't know any spells.
Your spell library was empty.

Inventory:

Hand Weapons
 E - a +0 morningstar
 Y - a +3 war axe of electrocution (weapon)
Missiles
 D - 4 boomerangs (quivered)
Armour
 a - the scarf of the Journeyman {harm, Regen+}
   (You acquired it on level 12 of the Dungeon)

   Regen:     It increases your rate of health regeneration.
 c - a +0 buckler (worn)
 q - the +8 orange crystal plate armour (worn) {Archmagi, Int+3 Clar}
   (You acquired it on level 6 of the Dungeon)

   Int:       It affects your intelligence (+3).
   Clar:      It protects you from confusion, rage, mesmerisation and fear.
 t - a +2 pair of gloves (worn)
 y - the +0 helmet "Hinwibb" {rC- Slay+3 Stlth+}
   (You acquired it on level 7 of the Dungeon)

   Slay:      It affects your accuracy & damage with ranged weapons and melee
   (+3).
   rC:        It makes you vulnerable to cold.
   Stlth:     It makes you more stealthy.
 A - the +3 pair of seven-league boots {Rampage+∞}
   (Okawaru gifted it to you on level 2 of the Abyss)

   Rampage+∞: When moving toward enemies, its wearer moves as far as possible,
   alerting their target en route.
 B - a +1 helmet of intelligence (worn)
Jewellery
 b - a +5 ring of evasion (right hand)
 e - a ring of ice
 i - a ring of protection from cold
 j - a ring of see invisible (left hand)
 r - a ring of protection from fire
 v - a ring of protection from fire
 x - the amulet "Deghe" (around neck) {Regen+ Dex+3}
   (You found it on level 10 of the Dungeon)

   [amulet of regeneration]

   Dex:       It affects your dexterity (+3).
   Regen:     It increases your rate of health regeneration.
 z - a ring of willpower
Wands
 u - a wand of digging (16)
Scrolls
 h - 3 scrolls of identify
 s - 3 scrolls of teleportation
Potions
 d - 3 potions of might
 f - a potion of magic
 g - 2 potions of mutation
 k - 2 potions of enlightenment
 l - 8 potions of curing
 m - 2 potions of attraction
 n - 3 potions of haste
 o - 2 potions of cancellation
 p - 2 potions of heal wounds
 w - a potion of lignification

Dungeon Overview and Level Annotations

Branches:
Dungeon (13/15)            Temple (1/1) D:4            Lair (5/5) D:10
  Swamp (0/4) Lair:3        Snake (0/4) Lair:3        Slime (0/5) Lair:4
    Orc (0/2) D:10
 Vaults: D:13-14

Altars:
Ashenzari
Cheibriados
Dithmenos
Elyvilon
Fedhas
Gozag
Hepliaklqana
Kikubaaqudgha
Makhleb
Nemelex Xobeh
Okawaru
Qazlal
Ru
Sif Muna
Trog
Uskayaw
Vehumet
Wu Jian
Xom
Yredelemnul
Zin
The Shining One
Lugonu

Shops:
D:1 [!([   D:12 *

Annotations:
D:3 1 runed translucent door, Crazy Yiuf
D:4 exclusion: lemure
Lair:4 2 transporters, qw's ghost, journeyman GrFi


Message History

You hit the ancient zyme.
The ancient zyme is lightly damaged.
You hit the shadow imp but do no damage.
The red draconian scorcher breathes fire at you.
The searing blast hits you!
16461 ||| Stepping ~*~*~tactically~*~*~ (cloud).
The ancient zyme hits you but does no damage.
The ancient zyme misses you. The shadow imp gestures at you.
Pain shoots through your body!
You hit the ancient zyme.
Lightning courses through the ancient zyme!
The ancient zyme is moderately damaged.
You closely miss the shadow imp.
You feel like a meek peon again.
The ancient zyme hits you but does no damage.
The ancient zyme closely misses you. The shadow imp hits you.
16463 ||| INVOKING Heroism.
You gain the combat prowess of a mighty hero.
The ancient zyme barely misses you.
The ancient zyme hits you but does no damage.
The shadow imp hits you but does no damage.
You slice the ancient zyme!!
The ancient zyme is severely damaged.
You hit the shadow imp.
Lightning courses through the shadow imp!
You kill the shadow imp!
Okawaru accepts your kill. The ancient zyme barely misses you.
The ancient zyme closely misses you.
You hit the ancient zyme.
Lightning courses through the ancient zyme!
You destroy the ancient zyme!
Okawaru accepts your kill.
The red draconian scorcher gestures at you while chanting.
The sphere of damnation explodes!
The damnation engulfs you!!
The red draconian scorcher completely misses you.
You closely miss the red draconian scorcher.
The red draconian scorcher breathes fire at you.
The searing blast hits you!!
You die...

# . .##>.####
.# .........#.
... .#.#.#
#..#....
.##..#...#
.........# .
#.......0# #
.##..#.@.###..#
#..##q#....#
..... .......#
.........#..##
.##(.#...#.##
#..#.... # ...
....##. ...
..#.#. .
.##..#.... #.


You could see a red draconian scorcher (catching breath).

Vanquished Creatures
  A tentacled starspawn (Abyss:2)
  4 dire elephants (Lair:5)
  A vault guard (D:13)
  3 hydras
  A catoblepas (Lair:5)
  2 ogre magi (D:13)
  5 centaur warriors
  2 boulder beetles
  8 two-headed ogres
  2 death yaks (Lair:5)
  A spectral dire elephant (Lair:5)
  A wretched star (Abyss:2)
  A skyshark (Lair:5)
  A spectral anaconda (Lair:5)
  3 spectral death yaks (Lair:5)
  A shadow demon (Abyss:2)
  An obsidian statue (Lair:5)
  A wizard (Abyss:2)
  An orc knight (D:10)
  Pikel (D:4)
  A deep elf pyromancer (D:13)
  An ugly thing (D:10)
  3 necromancers (Lair:5)
  3 oklob plants
  A manticore (D:12)
  2 cyclopes (D:12)
  13 elephants
  A stone giant zombie (Abyss:2)
  3 black mambas
  4 gargoyles
  3 slime creatures (D:13)
  9 cane toads
  A smoke demon (Abyss:2)
  Maggie (D:9)
  3 rime drakes
  5 komodo dragons
  A yaktaur (D:13)
  An iron giant simulacrum (Abyss:2)
  2 ancient zymes (Abyss:2)
  2 trolls
  Prince Ribbit (D:7)
  2 polar bears
  A hornet (D:9)
  3 small abominations (Abyss:2)
  2 spectral elephants (Lair:5)
  15 blink frogs
  4 raiju (Abyss:2)
  2 shadows
  Eustachio (D:5)
  A wraith (D:9)
  A ynoxinul (Abyss:2)
  6 wyverns
  25 yaks
  9 vampire mosquitoes
  A death yak simulacrum (Lair:5)
  3 large abominations (Abyss:2)
  A basilisk (Lair:1)
  A steam dragon (D:9)
  A naga (Lair:3)
  2 spectral cane toads (Lair:5)
  3 acid dragons
  8 orc warriors
  14 water moccasins
  A hell hound (Abyss:2)
  A floating eye (Lair:2)
  A black bear (D:5)
  2 ice beasts
  An elephant zombie (Lair:5)
  5 centaurs
  2 ogres (D:13)
  3 wolves (Lair:1)
  An elephant skeleton (Lair:5)
  A lemure (D:4)
  A phantom (D:4)
  2 kobold brigands
  Blork the orc (D:4)
  10 bullfrogs
  2 scorpions
  3 cane toad simulacra (Lair:5)
  3 wights (D:4)
  3 elephant simulacra
  8 killer bees
  3 electric eels (Lair:5)
  4 howler monkeys
  A crimson imp (D:7)
  2 hounds
  14 orc priests
  3 jellies
  6 iguanas
  Ijyb (D:3)
  Natasha (thrice) (D:3)
  12 orc wizards
  3 troll simulacra (D:12)
  2 spriggan simulacra (D:12)
  4 gnolls (D:5)
  9 adders
  2 naga simulacra (D:12)
  A shadow imp (Abyss:2)
  3 ufetubi
  A worm (D:3)
  4 dart slugs
  77 orcs
  5 ball pythons
  2 endoplasms
  3 giant cockroaches
  9 goblins
  8 hobgoblins
  2 jackals (D:2)
  19 kobolds
  7 quokkas
  8 bats
  6 frilled lizards
  9 rats
  A starspawn tentacle (Abyss:2)
493 creatures vanquished.

Vanquished Creatures (others)
  A wretched star (Abyss:2)
  An orc priest (D:13)
  A starspawn tentacle (Abyss:2)
3 creatures vanquished.

Grand Total: 496 creatures vanquished

Notes
Turn   | Place    | Note
-------+----------+-------------------------------------------
     0 | D:1      | qw the Gargoyle Fighter began the quest for the Orb.
     0 | D:1      | Reached XP level 1. HP: 14/14 MP: 1/1
     0 | D:1      | 0 ||| qw: Version: 0.3-a-9-g12657ce
     0 | D:1      | 0 ||| qw: Game counter: 1273
     0 | D:1      | 0 ||| qw: Always use a shield: true
     0 | D:1      | 0 ||| qw: God list: Okawaru
     0 | D:1      | 0 ||| qw: Allow faded altars: false
     0 | D:1      | 0 ||| qw: Do Orc after D:15 true
     0 | D:1      | 0 ||| qw: Do second Lair branch before Depths: true
     0 | D:1      | 0 ||| qw: Lair rune preference: random
     0 | D:1      | 0 ||| qw: Plans: Normal, Zot:1-4, Slime:5, God:TSO, Crypt,
                  | Tomb, Abyss, Pan, Hells, Win
     0 | D:1      | 0 ||| PLANNING D:1-11
    85 | D:1      | Reached skill level 2 in Axes
   190 | D:1      | Found Soyddebo's Antique Armour Boutique.
   191 | D:1      | Found Jioc's Antique Weapon Shop.
   200 | D:1      | 200 ||| SHOPLISTING whip (70 gold, have 7).
   226 | D:1      | 226 ||| SHOPLISTING shiny ring mail (147 gold, have 7).
   308 | D:1      | Found Tizunid's Distillery.
   323 | D:1      | Reached XP level 2. HP: 19/19 MP: 2/2
   350 | D:1      | 350 ||| SHOPLISTING potion of attraction (42 gold, have 7).
   350 | D:1      | 350 ||| SHOPLISTING potion of cancellation (112 gold, have
                  | 7).
   350 | D:1      | 350 ||| SHOPLISTING potion of curing (42 gold, have 7).
   350 | D:1      | 350 ||| SHOPLISTING potion of lignification (42 gold, have
                  | 7).
   350 | D:1      | 350 ||| SHOPLISTING potion of magic (112 gold, have 7).
   350 | D:1      | 350 ||| SHOPLISTING potion of mutation (112 gold, have 7).
   607 | D:1      | Found Foets's Armour Shop.
   612 | D:1      | 612 ||| SHOPLISTING +0 plate armour (276 gold, have 23).
   612 | D:1      | 612 ||| SHOPLISTING +1 pair of gloves (138 gold, have 23).
   612 | D:1      | 612 ||| SHOPLISTING +3 leather armour of fire resistance
                  | (288 gold, have 23).
   768 | D:1      | 768 ||| READING scroll labelled OZYT ZAEBBYAJO.
   769 | D:1      | 769 ||| READING scroll labelled BUXIZI ATUI.
   770 | D:1      | 770 ||| READING scroll labelled FEH DUMUASMAN.
   888 | D:2      | 888 ||| Stepping ~*~*~tactically~*~*~ (stealth).
   895 | D:2      | 895 ||| STAIRDANCE
   980 | D:2      | Reached skill level 3 in Axes
   980 | D:2      | Reached XP level 3. HP: 23/23 MP: 3/3
  1209 | D:2      | Reached skill level 4 in Axes
  1209 | D:2      | Reached XP level 4. HP: 24/28 MP: 4/4
  1224 | D:2      | 1224 ||| DROPPING +0 club.
  1225 | D:2      | 1225 ||| DROPPING +0 whip of pain.
  1498 | D:2      | 1498 ||| Stepping ~*~*~tactically~*~*~ (stealth).
  1708 | D:2      | 1708 ||| READING scroll labelled CIOLUW KARUEBB.
  1709 | D:2      | 1709 ||| READING scroll labelled MAATET BYIPSUOMISI.
  1710 | D:2      | 1710 ||| DRINKING 2 bubbling amethyst potions.
  1815 | D:2      | 1815 ||| DROPPING potion of berserk rage.
  1852 | D:3      | 1852 ||| FLEEEEING.
  1853 | D:3      | 1853 ||| STAIRDANCE
  1861 | D:2      | Reached XP level 5. HP: 17/32 MP: 5/5
  1948 | D:3      | Noticed Natasha
  1958 | D:3      | HP: 7/32 [Natasha (2)]
  1961 | D:3      | Killed Natasha
  1962 | D:3      | Reached skill level 5 in Axes
  1974 | D:3      | Noticed Natasha
  1975 | D:3      | 1975 ||| FLEEEEING.
  1982 | D:3      | 1982 ||| STAIRDANCE
  2063 | D:2      | 2063 ||| UPGRADING to +0 chain mail.
  2073 | D:2      | 2073 ||| DROPPING +0 scale mail.
  2074 | D:2      | 2074 ||| DRINKING 2 ruby potions.
  2075 | D:2      | 2075 ||| DROPPING potion of brilliance.
  2081 | D:3      | Killed Natasha
  2146 | D:3      | 2146 ||| Stepping ~*~*~tactically~*~*~ (hiding).
  2147 | D:3      | Noticed Ijyb
  2148 | D:3      | 2148 ||| Stepping ~*~*~tactically~*~*~ (stealth).
  2201 | D:3      | 2201 ||| Stepping ~*~*~tactically~*~*~ (stealth).
  2267 | D:3      | Killed Ijyb
  2268 | D:3      | Reached XP level 6. HP: 28/38 MP: 6/6
  2277 | D:3      | 2277 ||| FLEEEEING.
  2278 | D:3      | 2278 ||| FLEEEEING.
  2279 | D:3      | 2279 ||| FLEEEEING.
  2280 | D:3      | 2280 ||| FLEEEEING.
  2281 | D:3      | 2281 ||| FLEEEEING.
  2282 | D:3      | 2282 ||| FLEEEEING.
  2283 | D:3      | 2283 ||| FLEEEEING.
  2284 | D:3      | 2284 ||| FLEEEEING.
  2285 | D:3      | 2285 ||| FLEEEEING.
  2286 | D:3      | 2286 ||| FLEEEEING.
  2287 | D:3      | 2287 ||| FLEEEEING.
  2288 | D:3      | 2288 ||| FLEEEEING.
  2289 | D:3      | 2289 ||| FLEEEEING.
  2290 | D:3      | 2290 ||| FLEEEEING.
  2291 | D:3      | 2291 ||| FLEEEEING.
  2292 | D:3      | 2292 ||| FLEEEEING.
  2293 | D:3      | 2293 ||| FLEEEEING.
  2294 | D:3      | 2294 ||| FLEEEEING.
  2360 | D:3      | 2360 ||| Stepping ~*~*~tactically~*~*~ (stealth).
  2412 | D:3      | 2412 ||| Stepping ~*~*~tactically~*~*~ (hiding).
  2414 | D:3      | 2414 ||| Stepping ~*~*~tactically~*~*~ (hiding).
  2426 | D:3      | 2426 ||| FLEEEEING.
  2427 | D:3      | 2427 ||| FLEEEEING.
  2428 | D:3      | 2428 ||| FLEEEEING.
  2476 | D:3      | 2476 ||| FLEEEEING.
  2477 | D:3      | 2477 ||| FLEEEEING.
  2561 | D:3      | 2561 ||| Stepping ~*~*~tactically~*~*~ (stealth).
  2611 | D:3      | 2611 ||| Stepping ~*~*~tactically~*~*~ (hiding).
  2679 | D:3      | Noticed Natasha
  2685 | D:3      | Killed Natasha
  2686 | D:3      | Reached skill level 6 in Axes
  2691 | D:3      | 2691 ||| READING scroll of enchant weapon.
  2691 | D:3      | 2691 ||| ENCHANTING +1 war axe.
  3038 | D:3      | Found a runed translucent door.
  3039 | D:3      | Noticed Crazy Yiuf
  3084 | D:3      | 3084 ||| Stepping ~*~*~tactically~*~*~ (stealth).
  3086 | D:3      | 3086 ||| Stepping ~*~*~tactically~*~*~ (stealth).
  3088 | D:3      | 3088 ||| Stepping ~*~*~tactically~*~*~ (stealth).
  3177 | D:3      | 3177 ||| READING 2 scrolls labelled VECIWK NARGHE.
  3258 | D:3      | 3258 ||| READING scroll labelled JEGAMAENIO.
  3259 | D:3      | 3259 ||| READING scroll labelled GAPRYIWAEL.
  3309 | D:4      | Found a hide-covered altar of Uskayaw.
  3354 | D:4      | Found a staircase to the Ecumenical Temple.
  3355 | D:4      | 3355 ||| PLANNING TEMPLE
  3360 | Temple   | Entered the Ecumenical Temple
  3399 | Temple   | 3399 ||| PLANNING D:1-11
  3446 | D:4      | 3446 ||| Stepping ~*~*~tactically~*~*~ (stealth).
  3564 | D:4      | Noticed Blork the orc
  3565 | D:4      | 3565 ||| Stepping ~*~*~tactically~*~*~ (hiding).
  3573 | D:4      | Killed Blork the orc
  3574 | D:4      | Reached skill level 1 in Dodging
  3574 | D:4      | Reached XP level 7. HP: 42/43 MP: 7/7
  3681 | D:4      | Noticed Pikel
  3684 | D:4      | 3684 ||| Stepping ~*~*~tactically~*~*~ (stealth).
  3695 | D:4      | HP: 8/43 [Pikel/+0 whip of flaming (3)]
  3696 | D:4      | 3696 ||| READING scroll of teleportation.
  3716 | D:4      | 3716 ||| FLEEEEING.
  3717 | D:4      | 3717 ||| FLEEEEING.
  3718 | D:4      | 3718 ||| FLEEEEING.
  3719 | D:4      | 3719 ||| FLEEEEING.
  3720 | D:4      | 3720 ||| FLEEEEING.
  3721 | D:4      | 3721 ||| FLEEEEING.
  3722 | D:4      | 3722 ||| FLEEEEING.
  3734 | D:4      | 3734 ||| FLEEEEING.
  3735 | D:4      | 3735 ||| FLEEEEING.
  3736 | D:4      | 3736 ||| FLEEEEING.
  3737 | D:4      | 3737 ||| FLEEEEING.
  3741 | D:4      | 3741 ||| FLEEEEING.
  3747 | D:4      | 3747 ||| FLEEEEING.
  3748 | D:4      | 3748 ||| FLEEEEING.
  3749 | D:4      | 3749 ||| FLEEEEING.
  3750 | D:4      | 3750 ||| FLEEEEING.
  3751 | D:4      | 3751 ||| FLEEEEING.
  3752 | D:4      | 3752 ||| FLEEEEING.
  3753 | D:4      | 3753 ||| FLEEEEING.
  3754 | D:4      | 3754 ||| FLEEEEING.
  3755 | D:4      | 3755 ||| FLEEEEING.
  3756 | D:4      | 3756 ||| FLEEEEING.
  3757 | D:4      | 3757 ||| FLEEEEING.
  3758 | D:4      | 3758 ||| FLEEEEING.
  3759 | D:4      | 3759 ||| FLEEEEING.
  3760 | D:4      | 3760 ||| STAIRDANCE
  3915 | D:3      | 3915 ||| READING scroll labelled ZAEPRI UFUAV.
  3916 | D:3      | 3916 ||| DRINKING 2 glowing white potions.
  3974 | D:4      | Killed Pikel
  3975 | D:4      | Reached skill level 7 in Axes
  3975 | D:4      | Reached XP level 8. HP: 32/48 MP: 8/8
  4439 | D:4      | Reached skill level 8 in Axes
  4538 | D:4      | 4538 ||| UPGRADING to ring of protection from cold.
  4539 | D:4      | 4539 ||| READING 3 scrolls labelled OMUOFOXAYNK.
  4540 | D:4      | 4540 ||| READING 2 scrolls of brand weapon.
  4540 | D:4      | 4540 ||| BRANDING +2 war axe of freezing.
  4541 | D:4      | 4541 ||| READING scroll of brand weapon.
  4541 | D:4      | 4541 ||| BRANDING +2 heavy war axe.
  4555 | D:5      | Entered Level 5 of the Dungeon
  4588 | D:5      | 4588 ||| Stepping ~*~*~tactically~*~*~ (stealth).
  4594 | D:5      | 4594 ||| Stepping ~*~*~tactically~*~*~ (hiding).
  4596 | D:5      | 4596 ||| Stepping ~*~*~tactically~*~*~ (hiding).
  4677 | D:5      | Reached skill level 6 in Fighting
  4713 | D:5      | Noticed Eustachio
  4731 | D:5      | 4731 ||| Stepping ~*~*~tactically~*~*~ (stealth).
  4749 | D:5      | 4749 ||| Stepping ~*~*~tactically~*~*~ (stealth).
  4755 | D:5      | Killed Eustachio
  4788 | D:5      | 4788 ||| Stepping ~*~*~tactically~*~*~ (stealth).
  4825 | D:5      | Reached skill level 9 in Axes
  4862 | D:5      | 4862 ||| Stepping ~*~*~tactically~*~*~ (hiding).
  4869 | D:5      | Reached XP level 9. HP: 49/55 MP: 9/9
  5055 | D:5      | 5055 ||| UPGRADING to +0 pair of gloves.
  5060 | D:5      | 5060 ||| UPGRADING to +5 ring of evasion.
  5061 | D:5      | 5061 ||| READING scroll labelled HAJIGU KAODANIA.
  5062 | D:5      | 5062 ||| DRINKING 2 orange potions.
  5168 | D:6      | 5168 ||| Stepping ~*~*~tactically~*~*~ (hiding).
  5186 | D:6      | 5186 ||| Stepping ~*~*~tactically~*~*~ (stealth).
  5743 | D:6      | 5743 ||| Stepping ~*~*~tactically~*~*~ (hiding).
  5833 | D:6      | 5833 ||| READING scroll labelled FYLUYG HEOPS.
  5833 | D:6      | Identified a scroll of acquirement
  5833 | D:6      | 5833 ||| ACQUIRING +8 orange crystal plate armour
                  | {Archmagi, Int+3 Clar}
  5833 | D:6      | Acquired the +8 orange crystal plate armour {Archmagi,
                  | Int+3 Clar}
  5833 | D:6      | Found the +8 orange crystal plate armour {Archmagi, Int+3
                  | Clar}
  5835 | D:6      | 5835 ||| UPGRADING to +8 orange crystal plate armour
                  | {Archmagi, Int+3 Clar}.
  5845 | D:6      | 5845 ||| DROPPING +0 chain mail.
  5846 | D:6      | 5846 ||| READING scroll labelled LEULUA IRGHYJ.
  5847 | D:6      | 5847 ||| DRINKING 2 sapphire potions.
  5847 | D:6      | Gained mutation: You are robust. (+10% HP) [potion of
                  | mutation]
  5862 | D:6      | 5862 ||| READING 3 scrolls of identify.
  5862 | D:6      | 5862 ||| IDENTIFYING sedimented golden potion
  5863 | D:6      | 5863 ||| READING 2 scrolls of identify.
  5863 | D:6      | 5863 ||| IDENTIFYING brown potion
  5876 | D:7      | 5876 ||| Stepping ~*~*~tactically~*~*~ (hiding).
  5903 | D:7      | 5903 ||| FLEEEEING.
  5904 | D:7      | 5904 ||| STAIRDANCE
  6029 | D:7      | 6029 ||| Stepping ~*~*~tactically~*~*~ (stealth).
  6031 | D:7      | 6031 ||| Stepping ~*~*~tactically~*~*~ (stealth).
  6043 | D:7      | 6043 ||| Stepping ~*~*~tactically~*~*~ (stealth).
  6051 | D:7      | Reached skill level 6 in Armour
  6113 | D:7      | Noticed Prince Ribbit
  6125 | D:7      | Reached skill level 1 in Throwing
  6129 | D:7      | Killed Prince Ribbit
  6155 | D:7      | 6155 ||| READING scroll of acquirement.
  6155 | D:7      | 6155 ||| ACQUIRING +0 helmet "Hinwibb" {rC- Slay+3 Stlth+}
  6155 | D:7      | Acquired the +0 helmet "Hinwibb" {rC- Slay+3 Stlth+}
  6157 | D:7      | 6157 ||| UPGRADING to +0 helmet "Hinwibb" {rC- Slay+3
                  | Stlth+}.
  6207 | D:7      | Found a burning altar of Makhleb.
  6209 | D:7      | Found a shimmering altar of Xom.
  6384 | D:7      | 6384 ||| READING scroll labelled UGUIXT NUOR.
  6385 | D:7      | 6385 ||| READING 3 scrolls of identify.
  6385 | D:7      | 6385 ||| IDENTIFYING fizzy coppery potion
  6386 | D:7      | 6386 ||| READING 2 scrolls of identify.
  6386 | D:7      | 6386 ||| IDENTIFYING puce potion
  6387 | D:7      | 6387 ||| DROPPING potion of ambrosia.
  6515 | D:8      | 6515 ||| Stepping ~*~*~tactically~*~*~ (hiding).
  6517 | D:8      | 6517 ||| Stepping ~*~*~tactically~*~*~ (hiding).
  6522 | D:8      | 6522 ||| Stepping ~*~*~tactically~*~*~ (stealth).
  6523 | D:8      | 6523 ||| Stepping ~*~*~tactically~*~*~ (stealth).
  6524 | D:8      | 6524 ||| Stepping ~*~*~tactically~*~*~ (stealth).
  6534 | D:8      | 6534 ||| FLEEEEING.
  6535 | D:8      | 6535 ||| FLEEEEING.
  6536 | D:8      | 6536 ||| FLEEEEING.
  6537 | D:8      | 6537 ||| FLEEEEING.
  6538 | D:8      | 6538 ||| FLEEEEING.
  6539 | D:8      | 6539 ||| FLEEEEING.
  6540 | D:8      | 6540 ||| FLEEEEING.
  6541 | D:8      | 6541 ||| FLEEEEING.
  6542 | D:8      | 6542 ||| FLEEEEING.
  6543 | D:8      | 6543 ||| FLEEEEING.
  6544 | D:8      | 6544 ||| FLEEEEING.
  6545 | D:8      | 6545 ||| FLEEEEING.
  6546 | D:8      | 6546 ||| FLEEEEING.
  6620 | D:8      | Found an ancient bone altar of Kikubaaqudgha.
  6770 | D:8      | Reached XP level 10. HP: 69/69 MP: 10/10
  6779 | D:8      | Reached skill level 10 in Axes
  6861 | D:8      | Found a radiant altar of Vehumet.
  6861 | D:8      | Found an opulent altar of Gozag.
  6861 | D:8      | Found a shadowy altar of Dithmenos.
  6861 | D:8      | Found a bloodstained altar of Trog.
  6862 | D:8      | Found a basalt altar of Yredelemnul.
  6862 | D:8      | Found a glowing silver altar of Zin.
  6883 | D:8      | Found a snail-covered altar of Cheibriados.
  6883 | D:8      | Found an iron altar of Okawaru.
  6883 | D:8      | Found a white marble altar of Elyvilon.
  6884 | D:8      | 6884 ||| PLANNING OKAWARU WORSHIP
  6884 | D:8      | 6884 ||| UPGRADING to ring of see invisible.
  6886 | D:8      | 6886 ||| READING 2 scrolls of identify.
  6886 | D:8      | 6886 ||| IDENTIFYING amethyst potion
  6887 | D:8      | 6887 ||| DROPPING potion of degeneration.
  6895 | D:8      | Became a worshipper of Warmaster Okawaru
  6896 | D:8      | 6896 ||| PLANNING D:1-11
  7155 | D:9      | Noticed a two-headed ogre
  7162 | D:9      | Killed a two-headed ogre
  7162 | D:9      | Reached * piety under Okawaru
  7163 | D:9      | Reached skill level 9 in Armour
  7164 | D:9      | 7164 ||| Stepping ~*~*~tactically~*~*~ (stealth).
  7165 | D:9      | 7165 ||| Stepping ~*~*~tactically~*~*~ (stealth).
  7198 | D:9      | Reached skill level 1 in Invocations
  7288 | D:9      | 7288 ||| READING scroll of brand weapon.
  7288 | D:9      | 7288 ||| BRANDING +2 war axe of freezing.
  7357 | D:9      | Noticed a two-headed ogre
  7358 | D:9      | 7358 ||| Stepping ~*~*~tactically~*~*~ (stealth).
  7359 | D:9      | 7359 ||| INVOKING Heroism.
  7366 | D:9      | Killed a two-headed ogre
  7366 | D:9      | Reached ** piety under Okawaru
  7367 | D:9      | Reached skill level 3 in Invocations
  7411 | D:9      | 7411 ||| Stepping ~*~*~tactically~*~*~ (hiding).
  7415 | D:9      | 7415 ||| INVOKING Heroism.
  7432 | D:9      | 7432 ||| Stepping ~*~*~tactically~*~*~ (hiding).
  7433 | D:9      | 7433 ||| Stepping ~*~*~tactically~*~*~ (hiding).
  7574 | D:9      | Noticed Maggie
  7576 | D:9      | 7576 ||| Stepping ~*~*~tactically~*~*~ (hiding).
  7582 | D:9      | 7582 ||| INVOKING Heroism.
  7586 | D:9      | Killed Maggie
  7729 | D:9      | 7729 ||| INVOKING Heroism.
  7735 | D:9      | Reached XP level 11. HP: 74/74 MP: 11/14
  8332 | D:10     | Entered Level 10 of the Dungeon
  8333 | D:10     | 8333 ||| INVOKING Heroism.
  8333 | D:10     | Noticed a centaur warrior
  8341 | D:10     | Noticed a centaur warrior
  8351 | D:10     | Killed a centaur warrior
  8358 | D:10     | Killed a centaur warrior
  8359 | D:10     | Reached skill level 11 in Axes
  8363 | D:10     | 8363 ||| FLEEEEING.
  8364 | D:10     | 8364 ||| FLEEEEING.
  8365 | D:10     | 8365 ||| STAIRDANCE
  8451 | D:10     | Noticed an orc knight
  8457 | D:10     | Noticed a cyan ugly thing
  8460 | D:10     | 8460 ||| INVOKING Heroism.
  8470 | D:10     | Killed an orc knight
  8490 | D:10     | Killed a cyan ugly thing
  8544 | D:10     | Identified the amulet "Deghe" {Regen+ Dex+3}
  8567 | D:10     | You fall into a shaft and drop 2 floors!
  8573 | D:12     | Noticed a cyclops
  8574 | D:12     | 8574 ||| INVOKING Heroism.
  8582 | D:12     | Killed a cyclops
  8582 | D:12     | Reached *** piety under Okawaru
  8584 | D:12     | Noticed a two-headed ogre
  8590 | D:12     | Noticed a cyclops
  8593 | D:12     | HP: 11/75 [gargoyle/stone arrow (15)]
  8594 | D:12     | 8594 ||| READING 2 scrolls of teleportation.
  8595 | D:12     | 8595 ||| DRINKING potion of heal wounds.
  8596 | D:12     | 8596 ||| INVOKING Heroism.
  8598 | D:12     | Killed a two-headed ogre
  8599 | D:12     | Reached skill level 9 in Fighting
  8651 | D:12     | Noticed a manticore
  8652 | D:12     | 8652 ||| INVOKING Heroism.
  8657 | D:12     | Killed a manticore
  8759 | D:12     | 8759 ||| UPGRADING to amulet "Deghe" {Regen+ Dex+3}.
  8800 | D:11     | 8800 ||| Stepping ~*~*~tactically~*~*~ (hiding).
  8801 | D:11     | 8801 ||| Stepping ~*~*~tactically~*~*~ (hiding).
  8811 | D:11     | 8811 ||| INVOKING Heroism.
  8863 | D:10     | Noticed an oklob plant
  8864 | D:10     | 8864 ||| INVOKING Heroism.
  8867 | D:10     | Found a staircase to the Lair.
  8880 | D:10     | Killed an oklob plant
  8910 | D:10     | 8910 ||| Stepping ~*~*~tactically~*~*~ (hiding).
  8912 | D:10     | 8912 ||| Stepping ~*~*~tactically~*~*~ (hiding).
  8921 | D:10     | 8921 ||| Stepping ~*~*~tactically~*~*~ (hiding).
  9019 | D:10     | 9019 ||| Stepping ~*~*~tactically~*~*~ (hiding).
  9028 | D:10     | 9028 ||| INVOKING Heroism.
  9125 | D:10     | 9125 ||| Stepping ~*~*~tactically~*~*~ (stealth).
  9140 | D:10     | 9140 ||| INVOKING Heroism.
  9150 | D:10     | Reached skill level 12 in Axes
  9157 | D:10     | 9157 ||| Stepping ~*~*~tactically~*~*~ (hiding).
  9164 | D:10     | 9164 ||| Stepping ~*~*~tactically~*~*~ (hiding).
  9285 | D:10     | Found a staircase to the Orcish Mines.
  9286 | D:10     | 9286 ||| DROPPING +0 flail.
  9579 | D:10     | 9579 ||| PLANNING LAIR
  9579 | D:10     | 9579 ||| DROPPING scarf of harm.
  9580 | D:10     | 9580 ||| READING scroll labelled QARCHAFOGAI.
  9588 | D:10     | 9588 ||| Stepping ~*~*~tactically~*~*~ (stealth).
  9593 | Lair:1   | Entered Level 1 of the Lair of Beasts
  9598 | Lair:1   | 9598 ||| Stepping ~*~*~tactically~*~*~ (water).
  9612 | Lair:1   | 9612 ||| DROPPING +2 mace of holy wrath.
  9613 | Lair:1   | 9613 ||| DROPPING +4 flail.
  9708 | Lair:1   | 9708 ||| Stepping ~*~*~tactically~*~*~ (stealth).
  9709 | Lair:1   | 9709 ||| INVOKING Heroism.
  9737 | Lair:1   | 9737 ||| INVOKING Heroism.
  9746 | Lair:1   | Reached XP level 12. HP: 83/83 MP: 13/15
  9792 | Lair:1   | Reached skill level 6 in Shields
  9795 | Lair:1   | 9795 ||| Stepping ~*~*~tactically~*~*~ (stealth).
  9821 | Lair:1   | 9821 ||| Stepping ~*~*~tactically~*~*~ (stealth).
  9824 | Lair:1   | 9824 ||| Stepping ~*~*~tactically~*~*~ (hiding).
  9826 | Lair:1   | 9826 ||| Stepping ~*~*~tactically~*~*~ (hiding).
  9828 | Lair:1   | 9828 ||| Stepping ~*~*~tactically~*~*~ (hiding).
  9943 | Lair:1   | Identified the +5 sling of Collusion {freeze, rC- Will++}
  9977 | Lair:1   | 9977 ||| Stepping ~*~*~tactically~*~*~ (hiding).
  9978 | Lair:1   | 9978 ||| Stepping ~*~*~tactically~*~*~ (hiding).
 10009 | Lair:1   | 10009 ||| INVOKING Heroism.
 10035 | Lair:1   | 10035 ||| INVOKING Heroism.
 10046 | Lair:1   | 10046 ||| Stepping ~*~*~tactically~*~*~ (stealth).
 10542 | Lair:2   | 10542 ||| PLANNING GAUNTLET
 10662 | Lair:2   | Paralysed by a floating eye for 3 turns
 10669 | Lair:2   | Paralysed by a floating eye for 2 turns
 10676 | Lair:2   | Paralysed by a floating eye for 2 turns
 10681 | Lair:2   | Paralysed by a floating eye for 3 turns
 10685 | Lair:2   | Paralysed by a floating eye for 4 turns
 10690 | Lair:2   | 10690 ||| INVOKING Heroism.
 10691 | Lair:2   | Paralysed by a floating eye for 3 turns
 10703 | Lair:2   | Received a gift from Okawaru
 10718 | Lair:2   | HP: 4/84 [oklob plant/splash of acid (25)]
 10719 | Lair:2   | 10719 ||| READING 2 scrolls of teleportation.
 10720 | Lair:2   | 10720 ||| DRINKING potion of heal wounds.
 10722 | Lair:2   | 10722 ||| INVOKING Heroism.
 10917 | Lair:2   | Reached **** piety under Okawaru
 10957 | Lair:2   | 10957 ||| INVOKING Heroism.
 11131 | Lair:2   | 11131 ||| RIP GAUNTLET
 11170 | Lair:2   | 11170 ||| PLANNING LAIR
 11201 | Lair:2   | Reached skill level 13 in Axes
 11224 | Lair:2   | 11224 ||| INVOKING Heroism.
 11480 | Lair:2   | 11480 ||| DROPPING amulet of guardian spirit.
 11481 | Lair:2   | 11481 ||| READING scroll labelled JEDURU FIUDD.
 11482 | Lair:2   | 11482 ||| READING 2 scrolls of identify.
 11482 | Lair:2   | 11482 ||| IDENTIFYING golden potion
 11512 | Lair:3   | 11512 ||| Stepping ~*~*~tactically~*~*~ (stealth).
 11513 | Lair:3   | 11513 ||| Stepping ~*~*~tactically~*~*~ (stealth).
 11515 | Lair:3   | 11515 ||| Stepping ~*~*~tactically~*~*~ (stealth).
 11518 | Lair:3   | 11518 ||| INVOKING Heroism.
 11527 | Lair:3   | Reached skill level 3 in Throwing
 11600 | Lair:3   | 11600 ||| Stepping ~*~*~tactically~*~*~ (stealth).
 11619 | Lair:3   | 11619 ||| Stepping ~*~*~tactically~*~*~ (stealth).
 11621 | Lair:3   | 11621 ||| Stepping ~*~*~tactically~*~*~ (stealth).
 11622 | Lair:3   | 11622 ||| Stepping ~*~*~tactically~*~*~ (stealth).
 11623 | Lair:3   | 11623 ||| Stepping ~*~*~tactically~*~*~ (stealth).
 11624 | Lair:3   | 11624 ||| Stepping ~*~*~tactically~*~*~ (stealth).
 11626 | Lair:3   | 11626 ||| Stepping ~*~*~tactically~*~*~ (stealth).
 11627 | Lair:3   | 11627 ||| INVOKING Heroism.
 11688 | Lair:3   | Noticed a four-headed hydra
 11689 | Lair:3   | 11689 ||| INVOKING Heroism.
 11694 | Lair:3   | 11694 ||| SWAPPING to +2 flail of protection.
 11699 | Lair:3   | Killed a four-headed hydra
 11700 | Lair:3   | 11700 ||| SWAPPING to +2 war axe of electrocution.
 11704 | Lair:3   | Found a staircase to the Swamp.
 11759 | Lair:3   | Found a staircase to the Snake Pit.
 11789 | Lair:3   | 11789 ||| READING scroll of enchant weapon.
 11789 | Lair:3   | 11789 ||| ENCHANTING +2 war axe of electrocution.
 12005 | Lair:3   | 12005 ||| INVOKING Heroism.
 12014 | Lair:3   | Reached skill level 6 in Invocations
 12268 | Lair:3   | 12268 ||| READING 2 scrolls of identify.
 12268 | Lair:3   | 12268 ||| IDENTIFYING metallic silvery potion
 12306 | Lair:4   | 12306 ||| INVOKING Heroism.
 12325 | Lair:4   | Reached XP level 13. HP: 90/90 MP: 17/17
 12340 | Lair:4   | 12340 ||| INVOKING Heroism.
 12352 | Lair:4   | 12352 ||| Stepping ~*~*~tactically~*~*~ (stealth).
 12353 | Lair:4   | 12353 ||| Stepping ~*~*~tactically~*~*~ (stealth).
 12361 | Lair:4   | Reached skill level 12 in Armour
 12375 | Lair:4   | 12375 ||| INVOKING Heroism.
 12507 | Lair:4   | 12507 ||| INVOKING Heroism.
 12534 | Lair:4   | 12534 ||| INVOKING Heroism.
 12536 | Lair:4   | 12536 ||| SWAPPING to +2 flail of protection.
 12545 | Lair:4   | 12545 ||| SWAPPING to +3 war axe of electrocution.
 12604 | Lair:4   | 12604 ||| Stepping ~*~*~tactically~*~*~ (stealth).
 12605 | Lair:4   | 12605 ||| Stepping ~*~*~tactically~*~*~ (stealth).
 12831 | Lair:4   | Found a transporter.
 12835 | Lair:4   | Found a bloodstained altar of Trog.
 12857 | Lair:4   | 12857 ||| Stepping ~*~*~tactically~*~*~ (stealth).
 12858 | Lair:4   | 12858 ||| Stepping ~*~*~tactically~*~*~ (stealth).
 12861 | Lair:4   | Found a staircase to the Slime Pits.
 12862 | Lair:4   | 12862 ||| INVOKING Heroism.
 12896 | Lair:4   | Noticed qw's ghost (journeyman GrFi)
 12909 | Lair:4   | Found a transporter.
 12988 | Lair:4   | 12988 ||| DROPPING +2 hat.
 12989 | Lair:4   | 12989 ||| UPGRADING to +1 helmet of intelligence.
 12999 | Lair:4   | 12999 ||| READING scroll labelled HOISCH YRCHOKHLAOC.
 13042 | Lair:5   | Entered Level 5 of the Lair of Beasts
 13305 | Lair:5   | 13305 ||| Stepping ~*~*~tactically~*~*~ (stealth).
 13306 | Lair:5   | 13306 ||| Stepping ~*~*~tactically~*~*~ (stealth).
 13352 | Lair:5   | 13352 ||| Stepping ~*~*~tactically~*~*~ (water).
 13382 | Lair:5   | 13382 ||| INVOKING Heroism.
 13384 | Lair:5   | 13384 ||| SWAPPING to +2 flail of protection.
 13393 | Lair:5   | 13393 ||| SWAPPING to +3 war axe of electrocution.
 13422 | Lair:5   | 13422 ||| INVOKING Heroism.
 13540 | Lair:5   | Reached skill level 9 in Invocations
 13611 | Lair:5   | Noticed a dire elephant
 13611 | Lair:5   | Noticed a dire elephant
 13611 | Lair:5   | Noticed a dire elephant
 13611 | Lair:5   | Noticed a dire elephant
 13612 | Lair:5   | 13612 ||| INVOKING Heroism.
 13627 | Lair:5   | Killed a dire elephant
 13627 | Lair:5   | Received a gift from Okawaru
 13628 | Lair:5   | Reached skill level 14 in Axes
 13706 | Lair:5   | 13706 ||| FLEEEEING.
 13707 | Lair:5   | 13707 ||| FLEEEEING.
 13708 | Lair:5   | 13708 ||| FLEEEEING.
 13709 | Lair:5   | 13709 ||| FLEEEEING.
 13710 | Lair:5   | 13710 ||| FLEEEEING.
 13733 | Lair:5   | Reached ***** piety under Okawaru
 13785 | Lair:5   | Received a gift from Okawaru
 13872 | Lair:5   | Gained mutation: Your large and strong wings let you fly.
                  | [Gargoyle growth]
 13872 | Lair:5   | Reached XP level 14. HP: 96/96 MP: 21/21
 14121 | Lair:5   | Received a gift from Okawaru
 14151 | Lair:5   | 14151 ||| Stepping ~*~*~tactically~*~*~ (hiding).
 14171 | Lair:5   | 14171 ||| INVOKING Heroism.
 14172 | Lair:5   | 14172 ||| INVOKING Finesse.
 14252 | Lair:5   | 14252 ||| INVOKING Heroism.
 14263 | Lair:5   | Killed a dire elephant
 14263 | Lair:5   | Received a gift from Okawaru
 14271 | Lair:5   | Killed a dire elephant
 14275 | Lair:5   | Killed a dire elephant
 14275 | Lair:5   | Received a gift from Okawaru
 14325 | Lair:5   | 14325 ||| READING scroll of enchant armour.
 14325 | Lair:5   | 14325 ||| ENCHANTING +0 pair of gloves.
 14439 | Lair:5   | 14439 ||| PLANNING D:1-11
 14639 | D:11     | 14639 ||| INVOKING Heroism.
 14640 | D:11     | 14640 ||| INVOKING Finesse.
 14787 | D:11     | 14787 ||| READING scroll of enchant armour.
 14787 | D:11     | 14787 ||| ENCHANTING +1 pair of gloves.
 15146 | D:11     | 15146 ||| PLANNING D
 15196 | D:12     | 15196 ||| Stepping ~*~*~tactically~*~*~ (hiding).
 15200 | D:12     | 15200 ||| Stepping ~*~*~tactically~*~*~ (hiding).
 15208 | D:12     | 15208 ||| INVOKING Heroism.
 15244 | D:12     | 15244 ||| DROPPING +2 flail of protection.
 15246 | D:12     | 15246 ||| Stepping ~*~*~tactically~*~*~ (hiding).
 15264 | D:12     | 15264 ||| READING scroll of acquirement.
 15264 | D:12     | 15264 ||| ACQUIRING scarf of the Journeyman {harm, Regen+}
 15264 | D:12     | Acquired the scarf of the Journeyman {harm, Regen+}
 15286 | D:12     | 15286 ||| Stepping ~*~*~tactically~*~*~ (stealth).
 15378 | D:12     | 15378 ||| INVOKING Heroism.
 15479 | D:12     | Found Qumif's General Store.
 15487 | D:12     | 15487 ||| BUYING potion of curing (39 gold).
 15487 | D:12     | Bought a potion of curing for 39 gold pieces
 15487 | D:12     | 15487 ||| Stepping ~*~*~tactically~*~*~ (stealth).
 15489 | D:12     | 15489 ||| Stepping ~*~*~tactically~*~*~ (stealth).
 15499 | D:12     | Reached skill level 6 in Throwing
 15510 | D:12     | 15510 ||| Stepping ~*~*~tactically~*~*~ (stealth).
 15512 | D:12     | 15512 ||| Stepping ~*~*~tactically~*~*~ (stealth).
 15517 | D:12     | 15517 ||| Stepping ~*~*~tactically~*~*~ (stealth).
 15545 | D:12     | 15545 ||| Stepping ~*~*~tactically~*~*~ (hiding).
 15551 | D:12     | 15551 ||| INVOKING Heroism.
 15738 | D:13     | 15738 ||| Stepping ~*~*~tactically~*~*~ (hiding).
 15739 | D:13     | 15739 ||| Stepping ~*~*~tactically~*~*~ (hiding).
 15740 | D:13     | 15740 ||| INVOKING Heroism.
 15848 | D:13     | 15848 ||| INVOKING Heroism.
 15849 | D:13     | 15849 ||| INVOKING Finesse.
 15857 | D:13     | Reached skill level 15 in Axes
 16098 | D:13     | 16098 ||| INVOKING Heroism.
 16102 | D:13     | Paralysed by an ogre mage for 5 turns
 16113 | Abyss:2  | Cast into level 2 of the Abyss (a wizard)
 16169 | Abyss:2  | 16169 ||| Stepping ~*~*~tactically~*~*~ (hiding).
 16170 | Abyss:2  | 16170 ||| Stepping ~*~*~tactically~*~*~ (hiding).
 16187 | Abyss:2  | Reached skill level 12 in Fighting
 16250 | Abyss:2  | Reached skill level 3 in Dodging
 16322 | Abyss:2  | 16322 ||| Stepping ~*~*~tactically~*~*~ (hiding).
 16339 | Abyss:2  | 16339 ||| INVOKING Heroism.
 16352 | Abyss:2  | Found a corrupted altar of Lugonu.
 16361 | Abyss:2  | Received a gift from Okawaru
 16361 | Abyss:2  | Found the +3 pair of seven-league boots {Rampage+∞}
 16362 | Abyss:2  | Reached XP level 15. HP: 61/76 MP: 22/22
 16366 | Abyss:2  | 16366 ||| Stepping ~*~*~tactically~*~*~ (stealth).
 16368 | Abyss:2  | 16368 ||| Stepping ~*~*~tactically~*~*~ (stealth).
 16396 | Abyss:2  | Noticed a tentacled starspawn
 16397 | Abyss:2  | 16397 ||| Stepping ~*~*~tactically~*~*~ (hiding).
 16409 | Abyss:2  | Killed a tentacled starspawn
 16419 | Abyss:2  | 16419 ||| INVOKING Heroism.
 16446 | Abyss:2  | 16446 ||| Stepping ~*~*~tactically~*~*~ (stealth).
 16454 | Abyss:2  | 16454 ||| Stepping ~*~*~tactically~*~*~ (stealth).
 16454 | Abyss:2  | Noticed a red draconian scorcher
 16456 | Abyss:2  | 16456 ||| Stepping ~*~*~tactically~*~*~ (hiding).
 16457 | Abyss:2  | 16457 ||| Stepping ~*~*~tactically~*~*~ (hiding).
 16461 | Abyss:2  | 16461 ||| Stepping ~*~*~tactically~*~*~ (cloud).
 16463 | Abyss:2  | 16463 ||| INVOKING Heroism.
 16467 | Abyss:2  | Killed from afar by a red draconian scorcher

Levels and vault maps discovered:
D:1:      dpeg_arrival_orchard, layout_basic, serial_shops, shop,
          nicolae_shop_industrial_runoff, shop, shop
D:2:      minmay_thinvault, layout_rooms
D:3:      minmay_octagon_keep, layout_basic, uniq_crazy_yiuf_cottage,
          uniq_natasha, uniq_ijyb
D:4:      layout_loops_ring, nicolae_uskayaw_suspiria, minmay_temple_entry_hall,
          uniq_pikel, uniq_blork_the_orc
D:5:      layout_basic, uniq_eustachio
D:6:      layout_loops_ring
D:7:      layout_cave_pools, grunt_temple_overflow_champion_of_chaos,
          uniq_prince_ribbit1
D:8:      layout_basic, nicolae_overflows_in_rows, mainiacjoe_overflow_24_doors,
          solitary_fountain, grunt_decor_arrowhead
D:9:      layout_basic, uniq_maggie
D:10:     layout_loops_ring, dpeg_oklobed_lair, hiddenorc1_lemuel, kb_rosetta
D:11:     layout_basic, grunt_decor_clamped
D:12:     layout_rooms, portal_ice_cave_entry_ice_simulacra, serial_shops, shop
D:13:     layout_cross, grunt_vaults_entry_fortified,
          hangedman_decor_peaks_small
Temple:   corrupted_temple
Lair:1:   layout_layer_cave, chequers_serial_rivers_micro_b, grunt_megastairs_5,
          infiniplex_staircase_pool_2
Lair:2:   layout_gridlike, gauntlet_entry_generic, disabler_island,
          lemuel_fruit_fields
Lair:3:   layout_regular_city, minmay_swamp_entry_reptiles,
          guppyfry_snake_entry_garden, grunt_megastairs_4, serial_bayou_shore_b
Lair:4:   layout_loops_ring, slime_entry_1, gammafunk_ghost_wrathful_warriors
Lair:5:   due_jungle_book, layout_regular_city, nicolae_quartered_pool_super,
          infiniplex_staircase_pool
Abyss:2:  base: Lair:5, evilmike_abyss_exit_6

Skill      XL: |  1  2  3  4  5  6  7  8  9 10 11 12 13 14 |
---------------+-------------------------------------------+-----
Axes           | 2 3 4 5 6 7 9 10 12 13 14 15 | 15.2
Fighting       | 4 6 7 8 9 10 12 | 12.0
Dodging        | 1 2 3 |  3.2
Shields        | 4 5 6 7 |  7.3
Armour         | 8 9 10 11 12 13 | 13.3
Throwing       | 1 4 6 |  6.0
Invocations    | 4 6 10 | 10.0

Action                     |  1- 3 |  4- 6 |  7- 9 | 10-12 | 13-15 || total
---------------------------+-------+-------+-------+-------+-------++-------
  Melee: War axe           |   108 |   203 |   251 |   479 |   637 ||  1678
         Flail             |       |       |       |     4 |    15 ||    19
  Throw: Boomerang         |       |       |    37 |    21 |    39 ||    97
         Javelin           |       |       |       |    23 |    73 ||    96
 Invoke: Heroism           |       |       |       |    26 |    20 ||    46
         Finesse           |       |       |       |       |     3 ||     3
    Use: Scroll            |     3 |     6 |    14 |     9 |     4 ||    36
         Potion            |       |     2 |     3 |     2 |       ||     7
 Armour: Scale mail        |    50 |    43 |       |       |       ||    93
         Chain mail        |       |    76 |    91 |       |       ||   167
         Crystal plate arm |       |       |    51 |   208 |   419 ||   678
  Dodge: Dodged            |    52 |    62 |   111 |   178 |   273 ||   676
  Block: Buckler           |    19 |    27 |    37 |    84 |   138 ||   305

Table legend:
 A = Non-vault XP
 B = Vault XP
 C = Vault XP percentage of total XP
 D = Non-vault monster count
 E = Vault monster count
 F = Vault count percentage of total count
                 A         B        C        D         E       F
            +---------+---------+-------+---------+---------+-------
      Total |   60800 |   29250 |  32.5 |     370 |     122 |  24.8
            +---------+---------+-------+---------+---------+-------
        D:1 |      25 |       0 |   0.0 |      15 |       0 |   0.0
        D:2 |     114 |      44 |  27.8 |      16 |      19 |  54.3
        D:3 |     237 |     108 |  31.3 |      27 |      15 |  35.7
        D:4 |     343 |     698 |  67.1 |       9 |       2 |  18.2
        D:5 |     605 |     203 |  25.1 |      21 |       1 |   4.5
        D:6 |     708 |       0 |   0.0 |      24 |       0 |   0.0
        D:7 |     626 |     339 |  35.1 |      26 |       2 |   7.1
        D:8 |    1691 |       0 |   0.0 |      24 |       0 |   0.0
        D:9 |    3430 |     379 |  10.0 |      23 |       1 |   4.2
       D:10 |     941 |    3649 |  79.5 |      20 |      22 |  52.4
       D:11 |    2749 |       0 |   0.0 |      10 |       0 |   0.0
       D:12 |    6014 |     242 |   3.9 |      16 |       8 |  33.3
       D:13 |   10958 |    2333 |  17.6 |      29 |       5 |  14.7
     Lair:1 |    3483 |     557 |  13.8 |      17 |       2 |  10.5
     Lair:2 |    4405 |    1199 |  21.4 |      19 |       3 |  13.6
     Lair:3 |    1284 |    3100 |  70.7 |       4 |       9 |  69.2
     Lair:4 |    6631 |       0 |   0.0 |      25 |       0 |   0.0
     Lair:5 |    7711 |   16399 |  68.0 |      22 |      33 |  60.0
    Abyss:2 |    8845 |       0 |   0.0 |      23 |       0 |   0.0
            +---------+---------+-------+---------+---------+-------
